NYP
SPOKANE INDIANS @ IDAHO FALLS CHUKARS
08/28/2047
 
TOP OF THE 1ST
Spokane Indians batting - Pitching for Idaho Falls Chukars : LHP Butch Ott
Pitching: LHP Butch Ott
Batting: RHB Theo van Gent 0-0: Ball
1-0: Ball
2-0: Swinging Strike
2-1: Swinging Strike
2-2: Ball
3-2: Foul Ball, location: 2F
3-2: Base on Balls
Batting: RHB George King 0-0: Ball
1-0: Ball
2-0: Ball
3-0: Base on Balls
Theo van Gent to second
Batting: RHB Salvador Caldera 0-0: Ball
1-0: Called Strike
1-1: Ball
2-1: Ball
3-1: SINGLE (Line Drive, 6MD, EV 102.5 MPH)
Theo van Gent to third
George King to second
Runner from 3rd tries for Home, SAFE, throw by CF to home
Batting: RHB Luke Stark 0-0: Ball
Wild Pitch!
George King to third
Salvador Caldera to second
1-0: Foul Ball, location: 2F
1-1: Foul Ball, location: 2F
1-2: Strikes out swinging
Batting: RHB Shoh Tanioka 0-0: Called Strike
0-1: Ball
1-1: Ball
2-1: Ball
3-1: Base on Balls
Batting: SHB Reagan Dudley 0-0: Called Strike
0-1: Swinging Strike
0-2: Ball
1-2: Ball
2-2: Strikes out looking
Batting: SHB Brace Harper 0-0: Ball
1-0: Ball
2-0: Called Strike
2-1: Ball
3-1: Foul Ball, location: 2F
3-2: Strikes out looking
Top of the 1st over - 1 run, 1 hit, 0 errors, 3 left on base; Spokane 1 - Idaho Falls 0
BOTTOM OF THE 1ST
Idaho Falls Chukars batting - Pitching for Spokane Indians : RHP Thomas Crowner
Pitching: RHP Thomas Crowner
Batting: RHB Brett Steele 0-0: Foul Ball, location: 2F
0-1: Ball
1-1: Fly out, F4 (Popup, 34S, EV 72.5 MPH)
Batting: SHB Darius Vinson 0-0: Foul Ball, location: 2F
0-1: Ball
1-1: Ball
2-1: Foul Ball, location: 2F
2-2: Foul Ball, location: 2F
2-2: Strikes out swinging
Batting: RHB Chang-keun Baik 0-0: Ball
1-0: Ball
2-0: Ball
3-0: Base on Balls
Batting: LHB Edgar Ortiz 0-0: Called Strike
Chang-keun Baik steals 2nd base
0-1: Ball
1-1: Swinging Strike
1-2: Strikes out looking
Bottom of the 1st over - 0 runs, 0 hits, 0 errors, 1 left on base; Spokane 1 - Idaho Falls 0
TOP OF THE 2ND
Spokane Indians batting - Pitching for Idaho Falls Chukars : LHP Butch Ott
Batting: LHB Caleb Domino 0-0: Swinging Strike
0-1: Called Strike
0-2: Ball
1-2: Foul Ball, location: 2F
1-2: Foul Ball, location: 2F
1-2: Ball
2-2: Foul Ball, location: 2F
2-2: Foul Ball, location: 2F
2-2: Foul Ball, location: 2F
2-2: Ball
3-2: Base on Balls
Batting: SHB Santos Renteria 0-0: Ball
1-0: Ball
2-0: Called Strike
2-1: Foul Ball, location: 2F
2-2: Reached on error, E4 (Groundball, 4, EV 80.6 MPH)
Caleb Domino to second
Batting: RHB Theo van Gent 0-0: Foul Ball, location: 2F
0-1: Ball
1-1: SINGLE (Line Drive, 89M, EV 91.9 MPH)
Caleb Domino to third
Santos Renteria to second
Pitching: RHP Bryan Kiefer
Batting: RHB George King 0-0: Foul Ball, location: 2F
0-1: Ball
1-1: Foul Ball, location: 2F
1-2: Strikes out swinging
Batting: RHB Salvador Caldera 0-0: Fielders Choice at 3rd, U5 (Groundball, 5L, EV 95.0 MPH)
Caleb Domino scores
Theo van Gent to second
Batting: RHB Luke Stark 0-0: Ball
1-0: Called Strike
1-1: Ball
2-1: Ball
3-1: Base on Balls
Theo van Gent to third
Salvador Caldera to second
Batting: RHB Shoh Tanioka 0-0: Called Strike
0-1: Foul Ball, location: 2F
0-2: Ball
1-2: Ball
2-2: Strikes out looking
Top of the 2nd over - 1 run, 1 hit, 1 error, 3 left on base; Spokane 2 - Idaho Falls 0
BOTTOM OF THE 2ND
Idaho Falls Chukars batting - Pitching for Spokane Indians : RHP Thomas Crowner
Batting: LHB Corey Lewis 0-0: Called Strike
0-1: Called Strike
0-2: Strikes out swinging
Batting: RHB Vance Coen 0-0: Called Strike
0-1: Foul Ball, location: 2F
0-2: Ground out 6-3 (Groundball, 6, EV 81.9 MPH)
Batting: SHB Danny Ballenger 0-0: Called Strike
0-1: Swinging Strike
0-2: Foul Ball, location: 2F
0-2: Strikes out swinging
Bottom of the 2nd over - 0 runs, 0 hits, 0 errors, 0 left on base; Spokane 2 - Idaho Falls 0
TOP OF THE 3RD
Spokane Indians batting - Pitching for Idaho Falls Chukars : RHP Bryan Kiefer
Batting: SHB Reagan Dudley 0-0: Ball
1-0: Ball
2-0: Called Strike
2-1: Foul Ball, location: 2F
2-2: Ball
3-2: Ground out 4-3 (Groundball, 4, EV 102.5 MPH)
Batting: SHB Brace Harper 0-0: Ball
1-0: Ball
2-0: Called Strike
2-1: Foul Ball, location: 2F
2-2: Strikes out looking
Batting: LHB Caleb Domino 0-0: Ball
1-0: Ball
2-0: Called Strike
2-1: Ball
3-1: Base on Balls
Batting: SHB Santos Renteria 0-0: Ball
Caleb Domino steals 2nd base
1-0: Ball
2-0: Ball
3-0: Base on Balls
Batting: RHB Theo van Gent 0-0: SINGLE (Groundball, 5L, EV 85.6 MPH) (infield hit)
Caleb Domino to third
Santos Renteria to second
Batting: RHB George King 0-0: Fly out, F7 (Flyball, 7, EV 85.0 MPH)
Top of the 3rd over - 0 runs, 1 hit, 0 errors, 3 left on base; Spokane 2 - Idaho Falls 0
BOTTOM OF THE 3RD
Idaho Falls Chukars batting - Pitching for Spokane Indians : RHP Thomas Crowner
Batting: RHB Adam Krieger 0-0: Called Strike
0-1: Ball
1-1: Ball
2-1: Ball
3-1: Called Strike
3-2: Foul Ball, location: 2F
3-2: Base on Balls
Batting: RHB Rogelio Losano 0-0: Called Strike
0-1: Called Strike
0-2: Foul Ball, location: 2F
0-2: Strikes out looking
Batting: RHB Brett Steele 0-0: Ball
1-0: Ball
Wild Pitch!
Adam Krieger to second
2-0: Called Strike
2-1: Fly out, F8 (Flyball, 8RD, EV 100.6 MPH)
Batting: SHB Darius Vinson 0-0: Ball
1-0: Ground out 4-3 (Groundball, 4, EV 108.8 MPH)
Bottom of the 3rd over - 0 runs, 0 hits, 0 errors, 1 left on base; Spokane 2 - Idaho Falls 0
TOP OF THE 4TH
Spokane Indians batting - Pitching for Idaho Falls Chukars : RHP Bryan Kiefer
Batting: RHB Salvador Caldera 0-0: Swinging Strike
0-1: DOUBLE (Groundball, 5L, EV 106.9 MPH)
Pitching: RHP Greg Sell
Batting: RHB Luke Stark 0-0: Ball
1-0: Called Strike
1-1: Foul Ball, location: 2F
1-2: Strikes out swinging
Batting: RHB Shoh Tanioka 0-0: Ball
1-0: Foul Ball, location: 2F
1-1: Foul Ball, location: 2F
1-2: Hit by Pitch
Batting: SHB Reagan Dudley 0-0: Called Strike
0-1: Called Strike
0-2: Ball
1-2: Strikes out swinging
Batting: SHB Brace Harper 0-0: Ball
1-0: Foul Ball, location: 2F
1-1: Ball
2-1: Called Strike
2-2: Ball
3-2: Base on Balls
Salvador Caldera to third
Shoh Tanioka to second
Batting: LHB Caleb Domino 0-0: Called Strike
0-1: Foul Ball, location: 2F
0-2: Ball
1-2: Strikes out swinging
Top of the 4th over - 0 runs, 1 hit, 0 errors, 3 left on base; Spokane 2 - Idaho Falls 0
BOTTOM OF THE 4TH
Idaho Falls Chukars batting - Pitching for Spokane Indians : RHP Thomas Crowner
Batting: RHB Chang-keun Baik 0-0: Foul Ball, location: 2F
0-1: Foul Ball, location: 2F
0-2: Foul Ball, location: 2F
0-2: Foul Ball, location: 2F
0-2: Ball
1-2: Strikes out looking
Batting: LHB Edgar Ortiz 0-0: Ball
1-0: Foul Ball, location: 2F
1-1: Ground out 4-3 (Groundball, 4, EV 91.9 MPH)
Batting: LHB Corey Lewis 0-0: Called Strike
0-1: Ball
1-1: Ball
2-1: Fly out, F8 (Flyball, 78D, EV 105.6 MPH)
Bottom of the 4th over - 0 runs, 0 hits, 0 errors, 0 left on base; Spokane 2 - Idaho Falls 0
TOP OF THE 5TH
Spokane Indians batting - Pitching for Idaho Falls Chukars : RHP Greg Sell
Batting: SHB Santos Renteria 0-0: Ball
1-0: Bunt missed!
1-1: Called Strike
1-2: Foul Ball, location: 2F
1-2: Strikes out swinging
Batting: RHB Theo van Gent 0-0: Swinging Strike
0-1: Called Strike
0-2: Strikes out swinging
Pitching: RHP Kolenka Leschenya
Batting: RHB George King 0-0: Ground out 4-3 (Groundball, 4, EV 81.9 MPH)
Top of the 5th over - 0 runs, 0 hits, 0 errors, 0 left on base; Spokane 2 - Idaho Falls 0
BOTTOM OF THE 5TH
Idaho Falls Chukars batting - Pitching for Spokane Indians : RHP Thomas Crowner
Batting: RHB Vance Coen 0-0: Ball
1-0: Fly out, F8 (Flyball, 8LD, EV 86.9 MPH)
Batting: SHB Danny Ballenger 0-0: Swinging Strike
0-1: Foul Ball, location: 2F
0-2: Ball
1-2: Strikes out swinging
Batting: RHB Adam Krieger 0-0: Fly out, F8 (Flyball, 8LD, EV 95.0 MPH)
Bottom of the 5th over - 0 runs, 0 hits, 0 errors, 0 left on base; Spokane 2 - Idaho Falls 0
TOP OF THE 6TH
Spokane Indians batting - Pitching for Idaho Falls Chukars : RHP Kolenka Leschenya
Batting: RHB Salvador Caldera 0-0: Called Strike
0-1: Ball
1-1: Ball
2-1: Called Strike
2-2: Foul Ball, location: 2F
2-2: Ball
3-2: Foul Ball, location: 2F
3-2: Base on Balls
Batting: RHB Luke Stark 0-0: Swinging Strike
0-1: Ball
1-1: Ball
2-1: Called Strike
Salvador Caldera steals 2nd base
2-2: Foul Ball, location: 2F
2-2: Ball
3-2: Base on Balls
Batting: RHB Shoh Tanioka 0-0: Called Strike
0-1: Foul Ball, location: 2F
0-2: Ball
1-2: Strikes out swinging
Pitching: LHP Shinkichi Kawase
Batting: SHB Reagan Dudley 0-0: Ball
1-0: Ball
2-0: Called Strike
2-1: Foul Ball, location: 2F
2-2: Strikes out swinging
Batting: SHB Brace Harper 0-0: Called Strike
0-1: Called Strike
0-2: Ball
1-2: Foul Ball, location: 2F
1-2: Ball
2-2: Ball
3-2: Base on Balls
Salvador Caldera to third
Luke Stark to second
Batting: LHB Caleb Domino 0-0: Called Strike
0-1: Called Strike
0-2: Foul Ball, location: 2F
0-2: Ball
1-2: Fly out, F9 (Flyball, 9D, EV 106.2 MPH)
Top of the 6th over - 0 runs, 0 hits, 0 errors, 3 left on base; Spokane 2 - Idaho Falls 0
BOTTOM OF THE 6TH
Idaho Falls Chukars batting - Pitching for Spokane Indians : RHP Thomas Crowner
Batting: RHB Rogelio Losano 0-0: Ball
1-0: Swinging Strike
1-1: Fly out, F8 (Flyball, 8RD, EV 90.6 MPH)
Batting: RHB Brett Steele 0-0: Called Strike
0-1: Ball
1-1: Ground out 1-3 (Groundball, 15S, EV 75.6 MPH)
Batting: SHB Darius Vinson 0-0: SINGLE (Groundball, 3D, EV 100.6 MPH)
Batting: RHB Chang-keun Baik 0-0: Ball
Wild Pitch!
Darius Vinson to second
1-0: Called Strike
1-1: Swinging Strike
1-2: Ball
2-2: Foul Ball, location: 2F
2-2: Ball
3-2: Foul Ball, location: 2F
3-2: Strikes out swinging
Bottom of the 6th over - 0 runs, 1 hit, 0 errors, 1 left on base; Spokane 2 - Idaho Falls 0
TOP OF THE 7TH
Spokane Indians batting - Pitching for Idaho Falls Chukars : LHP Shinkichi Kawase
Batting: SHB Santos Renteria 0-0: Called Strike
0-1: Foul Ball, location: 2F
0-2: Ball
1-2: Strikes out looking
Pitching: RHP Rich Frontczak
Batting: RHB Theo van Gent 0-0: Ball
1-0: Foul Ball, location: 2F
1-1: Foul Ball, location: 2F
1-2: Ball
2-2: Ball
3-2: SOLO HOME RUN (Flyball, 7D, EV 100.0 MPH), Distance : 382 ft
Batting: RHB George King 0-0: Called Strike
0-1: Foul Ball, location: 2F
0-2: Strikes out swinging, 2-3 out at first.
Batting: RHB Salvador Caldera 0-0: Ball
1-0: Foul Ball, location: 2F
1-1: SINGLE (Line Drive, 7LS, EV 89.4 MPH)
Batting: RHB Luke Stark 0-0: Ball
1-0: Foul Ball, location: 2F
1-1: Called Strike
1-2: DOUBLE (Line Drive, 78D, EV 105.6 MPH)
Salvador Caldera to third
Runner from 3rd tries for Home, SAFE, no throw by LF
Batting: RHB Shoh Tanioka 0-0: Ball
1-0: Ball
2-0: Ball
3-0: Called Strike
3-1: Foul Ball, location: 2F
3-2: Strikes out looking
Top of the 7th over - 2 runs, 3 hits, 0 errors, 1 left on base; Spokane 4 - Idaho Falls 0
BOTTOM OF THE 7TH
Idaho Falls Chukars batting - Pitching for Spokane Indians : RHP Thomas Crowner
Now at 2B: Darnell Jones
Batting: LHB Edgar Ortiz 0-0: Ball
1-0: Called Strike
1-1: Called Strike
1-2: Strikes out swinging
Batting: LHB Corey Lewis 0-0: Ball
1-0: TRIPLE (Line Drive, 9D, EV 107.5 MPH)
Batting: RHB Vance Coen 0-0: Ball
Balk!
Corey Lewis scores
1-0: Ball
2-0: Ball
3-0: Base on Balls
Batting: SHB Danny Ballenger 0-0: Ball
1-0: Ball
2-0: Ground out 4-3 (Groundball, 34D, EV 105.6 MPH)
Vance Coen to second
Batting: RHB Adam Krieger 0-0: Ball
1-0: Ball
2-0: SINGLE (Groundball, 56D, EV 101.2 MPH)
Vance Coen to third
Runner from 3rd tries for Home, throw by LF and OUT! 7-2
Bottom of the 7th over - 1 run, 2 hits, 0 errors, 1 left on base; Spokane 4 - Idaho Falls 1
TOP OF THE 8TH
Spokane Indians batting - Pitching for Idaho Falls Chukars : RHP Rich Frontczak
Pitching: RHP Tony Jimenez
Batting: SHB Reagan Dudley 0-0: Ball
1-0: Called Strike
1-1: Ball
2-1: Foul Ball, location: 2F
2-2: Foul Ball, location: 2F
2-2: Ball
3-2: Fly out, F8 (Flyball, 8LD, EV 103.1 MPH)
Batting: SHB Brace Harper 0-0: Ball
1-0: Foul Ball, location: 2F
1-1: Fly out, F5 (Popup, 5SF, EV 77.5 MPH)
Batting: LHB Caleb Domino 0-0: Ball
1-0: Called Strike
1-1: Foul Ball, location: 2F
1-2: Strikes out swinging
Top of the 8th over - 0 runs, 0 hits, 0 errors, 0 left on base; Spokane 4 - Idaho Falls 1
BOTTOM OF THE 8TH
Idaho Falls Chukars batting - Pitching for Spokane Indians : RHP Thomas Crowner
Now at 1B: Herb Craig
Batting: RHB Rogelio Losano 0-0: Ball
1-0: Ball
2-0: Fly out, F8 (Flyball, 8RD, EV 103.8 MPH)
Pinch Hitting: LHB Travis Lazaro 0-0: Called Strike
0-1: Ground out 6-3 (Groundball, 6, EV 87.5 MPH)
Batting: SHB Darius Vinson 0-0: Ball
1-0: Ball
2-0: Called Strike
2-1: Called Strike
2-2: Strikes out swinging
Bottom of the 8th over - 0 runs, 0 hits, 0 errors, 0 left on base; Spokane 4 - Idaho Falls 1
TOP OF THE 9TH
Spokane Indians batting - Pitching for Idaho Falls Chukars : RHP Tony Jimenez
Now at SS: Matt Cone
Batting: SHB Santos Renteria 0-0: Ball
1-0: Ball
2-0: Called Strike
2-1: Ground out 6-3 (Groundball, 6M, EV 83.8 MPH)
Pitching: RHP Joe Adelmann
Batting: RHB Theo van Gent 0-0: Ball
1-0: Swinging Strike
1-1: Foul Ball, location: 2F
1-2: Ball
2-2: Strikes out swinging
Batting: RHB George King 0-0: Ball
1-0: Called Strike
1-1: Ball
2-1: Foul Ball, location: 2F
2-2: Strikes out swinging
Top of the 9th over - 0 runs, 0 hits, 0 errors, 0 left on base; Spokane 4 - Idaho Falls 1
BOTTOM OF THE 9TH
Idaho Falls Chukars batting - Pitching for Spokane Indians : RHP Thomas Crowner
Pitching: RHP Victor Morin
Batting: RHB Chang-keun Baik 0-0: Called Strike
0-1: Ball
1-1: Called Strike
1-2: Ball
2-2: Strikes out swinging
Batting: LHB Edgar Ortiz 0-0: Ball
1-0: Called Strike
1-1: Foul Ball, location: 2F
1-2: Ball
2-2: Ball
3-2: Base on Balls
Batting: LHB Corey Lewis 0-0: Ball
1-0: Called Strike
Pickoff Throw by Catcher to First - Out!
1-1: Ball
2-1: Ball
3-1: Ground out 4-3 (Groundball, 4D, EV 89.4 MPH)
Bottom of the 9th over - 0 runs, 0 hits, 0 errors, 0 left on base; Spokane 4 - Idaho Falls 1
Thursday, December 15th , 2022 - OOTP Baseball 23.9 Build 102